 Dungeon Crawl Stone Soup version 0.30.0-18-gc0e69614cb (webtiles) character file.

Game seed: 6812064729698211984

3420 whybug the Cleaver (level 10, -5/135 HPs)
             Began as a Hill Orc Berserker on May 25, 2023.
             Was a Priest of Trog.
             Slain by a water moccasin (7 damage)
             ... on level 8 of the Dungeon.
             The game lasted 00:52:16 (6432 turns).

whybug the Cleaver (Hill Orc Berserker)             Turns: 6432, Time: 00:52:17

Health: -5/135     AC: 16    Str: 29    XL:     10   Next: 5%
Magic:  19/19      EV: 12    Int:  7    God:    Trog [***...]
Gold:   463        SH:  0    Dex: 10    Spells: 9/9 levels left

rFire   . . .        J - +3 battleaxe
rCold   . . .        (shield currently unavailable)
rNeg    . . .        I - +5 ring mail "Povac" {Contam Str+4}
rPois   .            H - +0 helmet
rElec   .            (no cloak)
rCorr   .            g - +0 pair of gloves
SInv    .            D - +1 pair of boots
Will    ++...        (no amulet) Stlth
                     q - ring of magical power
HPRegen 1.42/turn    (no ring)
MPRegen 0.16/turn

%: no passive effects
@: berserking, lethally poisoned (-5 -> -15), strong-willed, regenerating, very
quick
A: no striking features
a: Renounce Religion, Berserk, Trog's Hand


You were on level 8 of the Dungeon.
You worshipped Trog.
Trog was most pleased with you.
You visited 1 branch of the dungeon, and saw 8 of its levels.

You collected 463 gold pieces.

Inventory:

Hand Weapons
 a - a +0 hand axe
 i - a +1 whip of venom
 v - a +0 war axe
 J - a +3 battleaxe (weapon)
Armour
 b - a +0 animal skin
 g - a +0 pair of gloves (worn)
 n - a +0 scale mail
 t - a +0 pair of boots
 D - a +1 pair of boots (worn)
 H - a +0 helmet (worn)
 I - the +5 ring mail "Povac" (worn) {Contam Str+4}
   (You found it on level 6 of the Dungeon)

   Str:       It affects your strength (+4).
   Contam:    It causes magical contamination when unequipped.
Jewellery
 q - a ring of magical power (left hand)
Wands
 F - a wand of flame (13)
 K - a wand of acid (7)
Scrolls
 d - a scroll of fear {unknown}
 e - 6 scrolls of identify {unknown}
 f - 2 scrolls of vulnerability {unknown}
 k - 2 scrolls of noise {unknown}
 l - 4 scrolls of enchant armour {unknown}
 p - 3 scrolls of magic mapping {unknown}
 w - 2 scrolls of poison {unknown}
 y - 2 scrolls of amnesia {unknown}
 z - 2 scrolls of teleportation {unknown}
 A - a scroll of silence {unknown}
 E - a scroll of immolation {unknown}
Potions
 c - 2 potions of brilliance {unknown}
 h - a potion of ambrosia {unknown}
 j - a potion of cancellation {unknown}
 m - a potion of mutation {unknown}
 o - a potion of haste {unknown}
 r - a potion of might {unknown}
 s - 2 potions of curing {unknown}
 u - a potion of magic {unknown}
 x - 3 potions of flight {unknown}
 B - 3 potions of degeneration {unknown}
 C - 2 potions of heal wounds {unknown}
 G - a potion of lignification {unknown}


   Skills:
 + Level 8.6 Fighting
 + Level 13.2(13.3) Axes
 + Level 1.1(7.2) Maces & Flails
 + Level 6.7 Armour
 + Level 3.7 Dodging
 + Level 1.1 Stealth


You had 9 spell levels left.
You didn't know any spells.
Your spell library contained the following spells:

 Spells                   Type           Power      Damage    Failure   Level
 Apportation              Tloc           0%         N/A       54%         1
 Necrotise                Necr           0%         1d4       54%         1
 Searing Ray              Conj           0%         2d4       67%         2
 Vampiric Draining        Necr           0%         2d6       88%         3
 Vhi's Electric Charge    Tloc/Air       0%         N/A       88%         3
 Airstrike                Air            0%         2d(0-16)  99%         4
 Flame Wave               Conj/Fire      0%         2d4       99%         4
 Agony                    Necr           0%         N/A       100%        5
 Alistair's Intoxication  Tmut/Pois      0%         N/A       100%        5
 Arcjolt                  Conj/Air       0%         1d10      100%        5
 Plasma Beam              Fire/Air       0%         2x1d11    100%        6


Dungeon Overview and Level Annotations

Branches:
Dungeon (8/15)             Temple (0/1) D:4
   Lair: D:8-11

Altars:
Ru
Xom

Shops:
D:6 [

Annotations:
D:8 1 transporter


Message History

You are more poisoned.
The water moccasin poisons you! The water moccasin barely misses you.
You slash the water moccasin!
The water moccasin is heavily wounded.
You feel very sick. The water moccasin bites you!
You are lethally poisoned!
The water moccasin poisons you!
You barely miss the water moccasin.
The water moccasin is heavily wounded.
* * * LOW HITPOINT WARNING * * *
You feel extremely sick.
The water moccasin closely misses you. x2; The water moccasin bites you.
* * * LOW HITPOINT WARNING * * *
You are more poisoned.
The water moccasin poisons you!
You barely miss the water moccasin.
The water moccasin is heavily wounded.
You slash the water moccasin!
* * * LOW HITPOINT WARNING * * *
You feel extremely sick. The water moccasin bites you.
* * * LOW HITPOINT WARNING * * *
The water moccasin bites you but does no damage.
Your skin crawls.
You feel strong-willed.
* * * LOW HITPOINT WARNING * * *
You feel extremely sick. The water moccasin barely misses you.
The water moccasin bites you but does no damage. x2
A red film seems to cover your vision as you go berserk!
You feel yourself moving faster!
You feel mighty!
You can no longer call in reinforcements.
* * * LOW HITPOINT WARNING * * *
You feel very sick.
The water moccasin bites you but does no damage.
The water moccasin bites you.
* * * LOW HITPOINT WARNING * * *
The water moccasin bites you!
You die...

...#.....##.# .y.#. ...
..........#©. ..h..##..
.........#..##y ......
#.......#..h.# #y..#
#......##.yy .y.#
#....#..##h### #####
#........###©####....
####..>.................
.......@......#........#
P.....SS.....)#..#..#...
..P.........#)).........
P..P........#))......#..
.PP.....................
P....P....#.............
...P.....##.....#...#...
.PP.P..#.##...#.#.#.#...
P.PP...#.#......#.###...


You could see 2 water moccasins.

Vanquished Creatures
  Eustachio (D:4)
  3 steam dragons
  Grum (D:8)
  2 orc warriors
  A water moccasin (D:8)
  An ice beast (D:7)
  A sky beast (D:7)
  A black bear (D:5)
  3 centaurs
  An ogre (D:5)
  2 wolves (D:8)
  2 phantoms
  A scorpion (D:6)
  3 bullfrogs
  5 wights (D:7)
  2 howler monkeys
  A jelly (D:6)
  4 orc priests
  4 gnoll boudas
  3 hounds
  Ijyb (D:5)
  4 iguanas
  2 sleepcaps
  5 orc wizards
  7 gnolls
  11 adders
  A shadow imp (D:7)
  2 ufetubi
  2 worms
  A dart slug (D:4)
  24 orcs
  8 ball pythons
  7 bats
  10 endoplasms
  2 giant cockroaches (D:2)
  7 goblins
  9 hobgoblins
  3 jackals (D:1)
  A quokka (D:4)
  A frilled lizard (D:2)
  5 kobolds
  6 rats
161 creatures vanquished.

Vanquished Creatures (others)
  2 gnolls (D:7)
2 creatures vanquished.

Grand Total: 163 creatures vanquished

Notes
Turn   | Place    | Note
-------+----------+-------------------------------------------
     0 | D:1      | whybug the Hill Orc Berserker began the quest for the Orb.
     0 | D:1      | Reached XP level 1. HP: 19/19 MP: 1/1
   223 | D:1      | Reached XP level 2. HP: 26/27 MP: 2/2
   360 | D:1      | Reached XP level 3. HP: 21/33 MP: 3/3
   666 | D:2      | Reached ** piety under Trog
   958 | D:2      | Reached skill level 5 in Axes
  1307 | D:2      | Reached XP level 4. HP: 41/41 MP: 4/4
  1348 | D:2      | Reached skill level 1 in Maces & Flails
  1879 | D:3      | Reached XP level 5. HP: 47/47 MP: 5/5
  2470 | D:4      | Reached skill level 5 in Fighting
  2657 | D:4      | Found a staircase to the Ecumenical Temple.
  2750 | D:4      | Identified the +0 robe of the Barracuda {+Blink rElec rF+
                  | Int+2}
  2760 | D:4      | Reached skill level 6 in Axes
  2777 | D:4      | Noticed Eustachio
  2785 | D:4      | Killed Eustachio
  2786 | D:4      | Reached XP level 6. HP: 55/56 MP: 6/6
  2800 | D:4      | Identified the +0 cloak of the Playwright {Str-3 Dex+7}
  2809 | D:4      | Reached skill level 7 in Axes
  3338 | D:5      | Entered Level 5 of the Dungeon
  3401 | D:5      | Reached XP level 7. HP: 54/62 MP: 7/7
  3493 | D:5      | Noticed Ijyb
  3503 | D:5      | Killed Ijyb
  3623 | D:5      | Reached *** piety under Trog
  3700 | D:5      | Reached skill level 8 in Axes
  4005 | D:5      | Reached XP level 8. HP: 31/70 MP: 8/8
  4006 | D:5      | Found a sacrificial altar of Ru.
  4270 | D:6      | Reached skill level 9 in Axes
  4310 | D:6      | Reached skill level 5 in Armour
  4329 | D:6      | Identified the +5 ring mail "Povac" {Contam Str+4}
  4434 | D:6      | Found a shimmering altar of Xom.
  4488 | D:6      | Reached skill level 10 in Axes
  4801 | D:6      | Reached XP level 9. HP: 77/78 MP: 9/9
  4890 | D:6      | Found Udick's Armour Shop.
  5302 | D:7      | Reached skill level 11 in Axes
  5315 | D:7      | Reached skill level 1 in Stealth
  5726 | D:7      | Noticed a boulder beetle
  5876 | D:7      | Reached **** piety under Trog
  5896 | D:7      | Reached skill level 12 in Axes
  6370 | D:8      | Noticed Grum
  6374 | D:8      | Found a transporter.
  6396 | D:8      | Killed Grum
  6397 | D:8      | Reached skill level 13 in Axes
  6398 | D:8      | Reached XP level 10. HP: 24/90 MP: 10/10
  6404 | D:8      | Got the Collected Works on Vapourous Trauma
  6431 | D:8      | HP: 4/90 [poisoned by a water moccasin]
  6432 | D:8      | Slain by a water moccasin

Illustrated notes

Levels and vault maps discovered:
D:1:      minmay_arrival_open_corners, layout_basic
D:2:      minmay_inner_zag, layout_loops_corners
D:3:      layout_loops_ring, chequers_serial_rivers_small_3
D:4:      layout_gridville, beargit_hepliaklqana_dungeon_heroes,
          temple_doors_ab, grunt_tough_drop, uniq_eustachio
D:5:      layout_loops_ring, nicolae_ru_the_path_less_chosen, uniq_ijyb
D:6:      layout_basic, mainiacjoe_overflow_brackets, serial_shops,
          nicolae_shop_window_shopping
D:7:      layout_basic, eino_tiny_chamber, nrook_mini_vaults,
          lightli_corner_chamber
D:8:      layout_basic, due_lair_maze_entry_diamond,
          gammafunk_ghost_berserking_beasts, minmay_misc_feat_columns,
          serial_bayou_pond_a, uniq_grum

Skill      XL: |  1  2  3  4  5  6  7  8  9 |
---------------+----------------------------+-----
Fighting       | 4 5 6 8 |  8.6
Axes           | 5 6 7 8 10 13 | 13.2
Maces & Flails | 1 |  1.1
Dodging        | 2 3 |  3.7
Armour         | 3 4 5 6 |  6.7
Stealth        | 1 |  1.1

Action                     |  1- 3 |  4- 6 |  7- 9 | 10-12 || total
---------------------------+-------+-------+-------+-------++-------
  Melee: Hand axe          |    82 |    55 |       |       ||   137
         Whip              |    17 |       |       |       ||    17
         War axe           |       |   109 |   238 |       ||   347
         Punch             |       |     2 |       |       ||     2
         Battleaxe         |       |       |    67 |     8 ||    75
 Invoke: Berserk           |       |     3 |     2 |     1 ||     6
         Trog's Hand       |       |     2 |     4 |     1 ||     7
 Armour: Animal skin       |    25 |       |       |       ||    25
         Scale mail        |    40 |    68 |    82 |       ||   190
         Ring mail         |       |       |   141 |     5 ||   146
  Dodge: Dodged            |    84 |    95 |   227 |     9 ||   415
